 Dungeon Crawl Stone Soup version 0.15.0-29-ga8e3430 (webtiles) character file.

163 Psiweapon the Ruffian (level 5, 0/29 HPs)
             Began as a Gargoyle Transmuter on Sept 12, 2014.
             Killed from afar by an orc wizard (3 damage)
             ... with a magic dart
             ... on Level 3 of the Dungeon.
             The game lasted 00:08:04 (2960 turns).

Psiweapon the Ruffian (Gargoyle Transmuter)         Turns: 2960, Time: 00:08:05

HP   0/29        AC  6     Str 13      XL: 5   Next: 44%
MP   9/9         EV 12     Int 14      God:
Gold 73          SH  0     Dex 11      Spells:  1 memorised,  7 levels left

rFire  + . .     SeeInvis .       - Unarmed
rCold  x . .     Clarity  .     c - +0 robe
rNeg   + . .     rCorr    .     (no shield)
rPois  +         rRot     +     (helmet restricted)
rElec  +         Spirit   .     (no cloak)
SustAb .         Warding  .     (no gloves)
rMut   .         Stasis   .     (no boots)
Gourm  .                        o - amulet of faith
MR     .....                    f - ring of fire
                                l - ring of teleport control

@: appendage (expiring), very slightly contaminated, hasted and slowed,
invisible, not resistant to hostile enchantments, very unstealthy
A: horns 2, negative energy resistance 1, electricity resistance, unbreathing,
petrification resistance, rot immunity, AC +4
a: End Transformation, Evoke Teleport Control


You were on level 3 of the Dungeon.
You were hungry.
You had grown temporary horns.
You visited 1 branch of the dungeon, and saw 3 of its levels.

You collected 73 gold pieces.

Inventory:

Missiles
 b - 12 arrows
 m - 16 poisoned needles
 q - 6 tomahawks (quivered)
Armour
 c - a +0 robe (worn)
 n - a +0 ring mail
Comestibles
 a - 4 bread rations
 i - a royal jelly
 A - a chunk of kobold flesh
Scrolls
 g - a scroll of random uselessness {unknown}
 h - a scroll of enchant weapon {unknown}
 j - a scroll of fear {unknown}
 k - a scroll of amnesia {unknown}
 p - a scroll of recharging {unknown}
 s - a scroll of remove curse {unknown}
 u - a scroll of identify {unknown}
 x - a scroll of enchant armour {unknown}
 y - a scroll of immolation {unknown}
Jewellery
 f - a ring of fire (right hand)
 l - a ring of teleport control (left hand)
 o - an amulet of faith (around neck)
Potions
 v - a potion of flight {unknown}
 w - a potion of poison {unknown}
Books
 d - a book of Changes

   Spells                             Type                      Level
   *Beastly Appendage                 Transmutation                1
   Sticks to Snakes                   Transmutation                2
   Spider Form                        Transmutation/Poison         3
   Ice Form                           Ice/Transmutation            4
   Blade Hands                        Transmutation                5


   Skills:
 - Level 1.1 Fighting
 - Level 1.1 Throwing
 - Level 1.5 Dodging
 * Level 5.8 Unarmed Combat
 - Level 2.0 Spellcasting
 - Level 1.5 Transmutations


You had 7 spell levels left.
You knew the following spells:

 Your Spells              Type           Power        Failure   Level  Hunger
a - Beastly Appendage     Trmt           #.....       14%         1    ##.....


Dungeon Overview and Level Annotations

Branches:
Dungeon (3/15)

Altars:


Innate Abilities, Weirdness & Mutations

You are resistant to torment.
You are immune to poison.
Your stone body is very resilient (AC +4).
You resist negative energy.
You are resistant to electric shocks.
You can survive without breathing.
You are immune to petrification.
You are immune to rotting.
You have a pair of horns on your head.


Message History

The orc is severely wounded.
The orc closely misses you. The orc wizard closely misses you.
You catch the helpless orc completely off-guard!
You punch the orc!
You kill the orc!
The orc wizard points at you and mumbles some strange words.
You feel yourself slow down.
You hit the orc wizard.
You headbutt the orc wizard, but do no damage.
The orc wizard is heavily wounded.
The orc wizard gestures at you while chanting.
The magic dart hits you!
* * * LOW HITPOINT WARNING * * *
The orc wizard barely misses you.
Drink which item? (? for menu, Esc to quit)
You feel yourself speed up.
It was a potion of haste.
The orc wizard hits you but does no damage.
The orc wizard points at you and mumbles some strange words.
The magic dart hits you!
You die...

#.# #.#
#######.##############
.......................
#######.#########.#### #.#
#.# # . #.# #.####
.....######.#########.#...
........o@).%.............
.......####.#########.#...
##... #...........#... #..
+....########### #.
#.......# # #.....#.#
.....o# . ........ .##.#..


You could see an orc wizard.

Vanquished Creatures
  A crimson imp (D:3)
  Terence (D:2)
  5 adders
  A giant mite (D:2)
  3 worms (D:2)
  2 giant geckos
  5 orcs
  A ball python (D:2)
  4 goblins
  5 hobgoblins
  3 jackals (D:3)
  5 bats
  3 giant cockroaches
  A giant newt (D:1)
  2 kobolds
  A quokka (D:2)
  4 rats
47 creatures vanquished.

Vanquished Creatures (others)
  5 toadstools (D:1)
5 creatures vanquished.

Grand Total: 52 creatures vanquished

Notes
Turn   | Place    | Note
--------------------------------------------------------------
     0 | D:1      | Psiweapon, the Gargoyle Transmuter, began the quest for the Orb.
     0 | D:1      | Reached XP level 1. HP: 12/12 MP: 3/3
   418 | D:1      | Reached XP level 2. HP: 12/16 MP: 4/4
  1356 | D:2      | Reached skill level 4 in Unarmed Combat
  1356 | D:2      | Reached XP level 3. HP: 8/20 MP: 6/6
  1598 | D:2      | Reached skill level 1 in Throwing
  1900 | D:2      | Noticed Terence
  1935 | D:2      | Killed Terence
  1935 | D:2      | Reached XP level 4. HP: 7/25 MP: 5/7
  2305 | D:2      | Reached skill level 5 in Unarmed Combat
  2745 | D:3      | Reached XP level 5. HP: 23/29 MP: 7/9
  2960 | D:3      | Killed from afar by an orc wizard

Action                   |  1- 3 |  4- 6 || total
-------------------------+-------+-------++-------
Melee: Unarmed           |    92 |   133 ||   225
Throw: Tomahawk          |    24 |     6 ||    30
 Cast: Beastly Appendage |    16 |    18 ||    34
  Use: Potion            |       |     3 ||     3
 Stab: Invisible         |       |     1 ||     1
  Eat: Chunk             |     3 |     4 ||     7
